 Dungeon Crawl Stone Soup version 0.31-a0-221-gbddc013574 (webtiles) character file.

Game seed: 7659500577933304613

71 Essalna the Firebug (level 4, -1/33 HPs)
             Began as a Demonspawn Fire Elementalist on July 4, 2023.
             Slain by an adder (3 damage)
             ... on level 3 of the Dungeon.
             The game lasted 00:04:30 (3051 turns).

Essalna the Firebug (Demonspawn Fire Elementalist)  Turns: 3051, Time: 00:04:31

Health: -1/33      AC:  4    Str:  8    XL:     4   Next: 5%
Magic:  7/7        EV: 12    Int: 18    God:
Gold:   96         SH:  0    Dex: 14    Spells: 6/7 levels left

rFire   . . .        g - +0 dagger
rCold   . . .        (no shield)
rNeg    . . .        a - +0 robe
rPois   .            (no helmet)
rElec   .            (no cloak)
rCorr   .            (no gloves)
SInv    .            (no boots)
Will    .....        (no amulet)
Stlth   ++           (no ring)
HPRegen 0.25/turn    (no ring)
MPRegen 0.10/turn

%: no passive effects
@: no status effects
A: hooves 1, slimy green scales 1, ignite blood 1
a: no special abilities


You were on level 3 of the Dungeon.
You visited 1 branch of the dungeon, and saw 3 of its levels.

You collected 96 gold pieces.

Inventory:

Hand Weapons
 g - a +0 dagger (weapon)
Armour
 a - a +0 robe (worn)
 k - a scarf of shadows
Magical Staves
 c - a staff of cold
Scrolls
 e - a scroll of vulnerability {unknown}
 f - 2 scrolls of blinking
Potions
 b - a potion of magic
 d - a potion of experience {unknown}
 h - a potion of curing {unknown}
 i - a potion of might {unknown}
 j - a potion of mutation {unknown}
 l - a potion of heal wounds {unknown}


   Skills:
 + Level 2.0 Fighting
 - Level 1.7 Dodging
 - Level 1.7 Stealth
 - Level 2.0 Spellcasting
 + Level 2.3 Conjurations
 + Level 3.3 Fire Magic


You had 6 spell levels left.
You knew the following spells:

 Your Spells              Type           Power      Damage    Failure   Level
a - Foxfire               Conj/Fire      48%        2x1d6     5%          1

Your spell library contained the following spells:

 Spells                   Type           Power      Damage    Failure   Level
 Scorch                   Fire           28%        2d6       7%          2
 Blink                    Tloc           2%         N/A       26%         2
 Inner Flame              Hex/Fire       7%         N/A       26%         3
 Volatile Blastmotes      Fire/Tloc      14%        2d11      26%         3
 Dazzling Flash           Conj/Hex       10%        N/A       34%         3
 Flame Wave               Conj/Fire      12%        2d6       50%         4
 Manifold Assault         Tloc           1%         N/A       87%         4
 Agony                    Necr           1%         N/A       99%         5
 Silence                  Hex/Air        0%         N/A       99%         5
 Storm Form               Tmut/Air       0%         N/A       100%        7


Dungeon Overview and Level Annotations

Branches:
Dungeon (3/15)

Altars:

Shops:
D:2 [*


Innate Abilities, Weirdness & Mutations

You have large cloven feet.
You are partially covered in slimy green scales. (AC +2)
Your demonic aura sometimes causes spilled blood to erupt in flames.


Message History

The frilled lizard closely misses you. The bat closely misses you.
The frilled lizard barely misses you. The frilled lizard barely misses you.
The bat hits you but does no damage. The bat closely misses you.
The frilled lizard closely misses you. The bat hits you but does no damage.
The frilled lizard barely misses you.
The bat hits you but does no damage. x2; The frilled lizard misses you.
The frilled lizard bites you.
* * * LOW HITPOINT WARNING * * *
The bat closely misses you.
The frilled lizard bites you but does no damage.
The bat hits you but does no damage. x2; The frilled lizard closely misses you.
The bat hits you.
* * * LOW HITPOINT WARNING * * *
The frilled lizard closely misses you. The bat closely misses you.
The frilled lizard bites you.
* * * LOW HITPOINT WARNING * * *
The frilled lizard bites you but does no damage.
The bat hits you but does no damage. The bat completely misses you.
An adder comes into view.
The frilled lizard bites you but does no damage.
The adder hisses angrily.
The bat barely misses you. The frilled lizard closely misses you.
The frilled lizard closely misses you. The bat hits you but does no damage.
The bat closely misses you. The frilled lizard bites you.
* * * LOW HITPOINT WARNING * * *
The bat barely misses you.
The frilled lizard bites you but does no damage.
The bat closely misses you. The bat misses you.
The adder bites you but does no damage. The bat hits you but does no damage.
The frilled lizard closely misses you. The adder bites you but does no damage.
The bat hits you but does no damage. The adder bites you.
* * * LOW HITPOINT WARNING * * *
The frilled lizard completely misses you.
The bat barely misses you. The adder barely misses you.
The bat closely misses you.
The frilled lizard bites you but does no damage.
The bat hits you but does no damage. The adder bites you.
You die...

#### #...
#..# #..#
#..# #.l#
#.@#
#..bS......
#.##.##...#.
# #.# .##
#.# # #.#
#.. ###


You could see an adder, a bat and a frilled lizard.

Vanquished Creatures
  3 worms (D:2)
  3 dart slugs (D:1)
  3 bats (D:1)
  3 endoplasms (D:1)
  5 giant cockroaches
  5 hobgoblins
  2 jackals (D:2)
  6 quokkas
  4 ball pythons
  A frilled lizard (D:2)
  8 goblins
  3 kobolds (D:1)
  6 rats
52 creatures vanquished.

Vanquished Creatures (others)
  173 foxfires
173 creatures vanquished.

Grand Total: 225 creatures vanquished

Notes
Turn   | Place    | Note
-------+----------+-------------------------------------------
     0 | D:1      | Essalna the Demonspawn Fire Elementalist began the quest
                  | for the Orb.
     0 | D:1      | Reached XP level 1. HP: 13/13 MP: 3/3
   350 | D:1      | Gained mutation: You are partially covered in slimy green
                  | scales. (AC +2) [demonic ancestry]
   350 | D:1      | Reached XP level 2. HP: 20/20 MP: 0/5
   475 | D:1      | Reached skill level 1 in Fighting
   476 | D:1      | Reached skill level 3 in Fire Magic
   986 | D:1      | Gained mutation: Your demonic aura sometimes causes spilled
                  | blood to erupt in flames. [demonic ancestry]
   986 | D:1      | Reached XP level 3. HP: 26/26 MP: 2/6
  2188 | D:2      | Found Muem's Assorted Antiques.
  2254 | D:2      | Found Hoczuem's Antique Armour Shoppe.
  2314 | D:2      | Gained mutation: You have large cloven feet. [demonic
                  | ancestry]
  2314 | D:2      | Reached XP level 4. HP: 33/33 MP: 1/7
  3051 | D:3      | Slain by an adder

Illustrated notes

Levels and vault maps discovered:
D:1:      lightli_iron_boxes, layout_basic, minmay_split_cup_large
D:2:      layout_loops_ring, serial_shops, nicolae_shop_tiny_waterfront, shop,
          minivault_25, kennysheep_generic_room_13
D:3:      layout_loops_ring, nicolae_tso_swordbearing_angel

Skill      XL: |  1  2  3 |
---------------+----------+-----
Fighting       | 1 2 |  2.0
Fire Magic     | 3 |  3.3
Conjurations   | 2 |  2.3
Dodging        | |  1.7
Stealth        | |  1.7
Spellcasting   | |  2.0

Action                     |  1- 3 |  4- 6 || total
---------------------------+-------+-------++-------
  Melee: Unarmed           |     1 |       ||     1
         Dagger            |    80 |     1 ||    81
         Punch             |     1 |       ||     1
   Cast: Foxfire           |   102 |       ||   102
    Use: Scroll            |     5 |       ||     5
   Stab: Sleeping          |     1 |     1 ||     2
 Armour: Robe              |    36 |   184 ||   220
  Dodge: Dodged            |    56 |   360 ||   416

Table legend: (Time is in decaauts)
 A = Elapsed time spent in this place.
 B = Non-inter-level travel time spent in this place.
 C = Inter-level travel time spent in this place.
 D = Time resting spent in this place.
 E = Time spent auto-exploring this place.
 F = Levels seen in this place.
 G = Mean time per level.
                   A        B        C        D        E       F      G
               +--------+--------+--------+--------+--------+-----+--------+
         Total |   3050 |   2965 |     85 |      0 |   1998 |   3 | 1016.7 |
       Dungeon |   3050 |   2965 |     85 |      0 |   1998 |   3 | 1016.7 |
               +--------+--------+--------+--------+--------+-----+--------+

Top non-repeatable levels by time:
     D:1: 1540 daAuts
     D:2: 953 daAuts
     D:3: 555 daAuts
